AoeStats
← arizaa85

Black Forest

507315650Analyzed
3v3 RM · 15d ago on Sep 17, 2026· 48m 20s· 6 players
Game mode
Random Map
Map size
Normal (6 player)
Population
200
Speed
Normal
Resources
Standard
Victory
Conquest
Starting age
Dark Age
Ending age
Imperial Age
RankedLock teamsTeams togetherTeam positionsShared explorationLock speedFull tech treeHidden civsTurbo modeCheats
Victory
Defeat
🇩🇪 Byzantines · Germany
895
+8
🇩🇪 Turks · Germany
881
+8
🇩🇪 Spanish · Germany
638
+17
🇹🇷 Turks · Türkiye
746
-27
🇧🇪 Wei · Belgium
676
-10
🇪🇸 Japanese · Spain
658
-10
predatox1990
0:45 Loom
12:45 Feudal Age
13:50 Double-Bit Axe
13:49 Horse Collar
14:03 Gold Mining
14:19 Stone Mining
21:18 Castle Age
22:39 Gold Shaft Mining
22:44 Stone Shaft Mining
22:34 Bow Saw
22:47 Heavy Plow
29:45 Imperial Age
27:52 Caravan
29:16 Wheelbarrow
33:11 Hand Cart
35:32 Crop Rotation
36:32 Forging
36:27 Scale Barding Armor
36:23 Scale Mail Armor
36:25 Padded Archer Armor
36:15 Fletching
36:29 Tuntian
36:50 Conscription
36:57 Ming Guang Armor
36:44 Light Cavalry
37:35 Bloodlines
37:26 Husbandry
36:49 Pikeman
37:30 Squires
37:16 Arson
37:52 Hussar
37:55 Heavy Hei Guang Cavalry
39:46 Town Watch
39:33 Halberdier
40:57 Iron Casting
40:43 Chain Barding Armor
40:39 Chain Mail Armor
40:39 Leather Archer Armor
40:27 Bodkin Arrow
42:38 Chemistry
41:50 Fortified Wall
42:03 Ballistics
42:06 Treadmill Crane
42:38 Masonry
42:24 Murder Holes
arizaa85
1:02 Loom
14:28 Feudal Age
16:44 Wheelbarrow
15:56 Town Watch
20:37 Gold Mining
20:36 Horse Collar
20:48 Double-Bit Axe
24:52 Scale Barding Armor
24:59 Forging
24:52 Scale Mail Armor
24:55 Padded Archer Armor
25:19 Fletching
28:09 Arson
27:48 Man-at-Arms
31:11 Bloodlines
36:00 Castle Age
37:25 Gold Shaft Mining
37:03 Heavy Plow
37:22 Bow Saw
36:59 Long Swordsman
39:25 Hand Cart
39:29 Town Patrol
40:11 Squires
41:26 Thumb Ring
41:36 Husbandry
42:26 Crossbowman
49:39 Imperial Age
Tinako89
0:28 Loom
13:22 Feudal Age
14:00 Double-Bit Axe
14:07 Town Watch
14:44 Horse Collar
16:41 Stone Mining
17:49 Wheelbarrow
17:54 Town Watch
20:35 Gold Mining
24:20 Castle Age
23:00 Wheelbarrow
22:11 Town Watch
23:38 Scale Mail Armor
24:53 Pikeman
28:00 Heavy Plow
30:01 Gold Shaft Mining
29:57 Caravan
30:43 Arson
30:18 Man-at-Arms
30:57 Gambesons
31:45 Guard Tower
32:52 Squires
32:13 Long Swordsman
34:02 Town Patrol
36:05 Coinage
36:49 Hand Cart
40:17 Imperial Age
38:13 Masonry
39:38 Yasama
39:41 Crossbowman
40:55 Murder Holes
40:35 Capped Ram
41:46 Conscription
41:30 Padded Archer Armor
41:58 Bow Saw
42:05 Halberdier
42:42 Two-Handed Swordsman
44:09 Fortified Wall
normton
1:03 Loom
23:13 Feudal Age
28:44 Wheelbarrow
27:58 Horse Collar
28:08 Double-Bit Axe
30:19 Stone Mining
30:22 Gold Mining
38:15 Castle Age
36:25 Scale Barding Armor
36:31 Forging
39:43 Scale Mail Armor
39:45 Padded Archer Armor
39:37 Fletching
40:43 Hand Cart
40:32 Heavy Plow
40:46 Bow Saw
41:19 Stone Shaft Mining
40:20 Pikeman
40:48 Gambesons
41:05 Squires
40:53 Arson
42:56 Chain Barding Armor
43:13 Iron Casting
45:08 Chain Mail Armor
44:22 Man-at-Arms
47:34 Light Cavalry
48:16 Husbandry
48:27 Bloodlines
Calli Caliente
1:40 Loom
15:55 Feudal Age
19:43 Castle Age
18:38 Double-Bit Axe
18:37 Horse Collar
21:12 Pikeman
22:50 Heavy Plow
23:11 Bow Saw
28:30 Imperial Age
27:36 Gold Mining
27:41 Stone Mining
28:54 Wheelbarrow
30:20 Chemistry
29:36 Scale Mail Armor
30:54 Fletching
33:22 Bombard Tower
34:12 Chain Mail Armor
34:21 Halberdier
37:27 Gold Shaft Mining
37:32 Stone Shaft Mining
37:29 Crop Rotation
38:05 Two-Man Saw
38:40 Conscription
38:22 Greek Fire
38:55 Plate Mail Armor
38:36 Forging
37:51 Elite Skirmisher
38:37 Thumb Ring
38:31 Bodkin Arrow
39:06 Squires
39:43 Hand Cart
40:43 Caravan
SteaK
15:17 Feudal Age
18:35 Double-Bit Axe
18:36 Horse Collar
21:54 Castle Age
26:14 Wheelbarrow
28:38 Hand Cart
28:23 Town Watch
29:39 Loom
32:28 Imperial Age
31:08 Town Patrol
32:19 Bloodlines
32:23 Gold Mining
32:25 Stone Mining
32:48 Bow Saw
32:40 Heavy Plow
34:11 Padded Archer Armor
34:01 Fletching
34:17 Scale Barding Armor
34:23 Forging
35:11 Artillery
35:36 Conscription
34:47 Sappers
37:49 Caravan
38:02 Guilds
39:12 Bombard Tower
41:19 Ballistics
40:45 Arrowslits
41:11 Fortified Wall
40:56 Murder Holes
40:42 Treadmill Crane
41:12 Masonry
41:20 Leather Archer Armor
41:01 Bodkin Arrow
41:27 Chain Barding Armor
41:43 Iron Casting
41:20 Husbandry
43:14 Elite Janissary
44:30 Hoardings
45:09 Heavy Camel Rider
Connection lost

Rejoining the realm…

Still unreachable

The connection could not be restored.

Session expired

The server has moved on; the page needs a fresh start.